 Dungeon Crawl Stone Soup version 0.30.0-5-g1a98f26d00 (webtiles) character file.

Game seed: 8474968571499113248

227 SnakkuSnakku7 the Insei (level 5, 0/32 HPs)
             Began as a Vampire Hedge Wizard on May 12, 2023.
             Slain by Grinder (6 damage)
             ... on level 3 of the Dungeon.
             The game lasted 00:03:38 (2449 turns).

SnakkuSnakku7 the Insei (Vampire Hedge Wizard)      Turns: 2449, Time: 00:03:39

Health: 0/32       AC:  9    Str: 11    XL:     5   Next: 70%
Magic:  9/9        EV: 10    Int: 16    God:
Gold:   86         SH:  0    Dex: 14    Spells: 9/10 levels left

rFire   . .          .
                       - Unarmed
rCold   + + .        (no shield)
rNeg    + + +        s - +0 ring mail
rPois   ∞            n - +2 helmet
rElec   .            m - +0 cloak
rCorr   .            (no gloves)
SInv    +            (no boots)
Will    .....        (no amulet)
Stlth   ++++         (no ring)
HPRegen 0.00/turn    (no ring)
MPRegen 0.11/turn

%: no passive effects
@: brilliant, bloodless, inhibited regen
A: bloodless, fangs 3, see invisible, vampiric 2
a: Bat Form, Revivify


You were on level 3 of the Dungeon.
You visited 1 branch of the dungeon, and saw 3 of its levels.

You collected 86 gold pieces.

Inventory:

Hand Weapons
 a - a +0 dagger
Armour
 b - a +0 robe
 c - a +0 hat
 m - a +0 cloak (worn)
 n - a +2 helmet (worn)
 s - a +0 ring mail (worn)
Jewellery
 e - an amulet of the acrobat
Scrolls
 f - a scroll of brand weapon {unknown}
 h - a scroll of amnesia {unknown}
 j - a scroll of summoning {unknown}
 l - a scroll of poison {unknown}
 p - a scroll of vulnerability {unknown}
 q - a scroll of fog {unknown}
 t - a scroll of enchant weapon {unknown}
 u - 2 scrolls of teleportation {unknown}
 v - a scroll of identify {unknown}
Potions
 d - a potion of magic
 i - a potion of resistance {unknown}
 k - a potion of brilliance
 o - a potion of might {unknown}
 r - a potion of haste {unknown}


   Skills:
 + Level 3.4 Fighting
 - Level 2.1 Dodging
 - Level 3.0 Stealth
 + Level 4.2 Unarmed Combat
 - Level 3.0 Spellcasting
 - Level 0.6 Conjurations
 - Level 1.0 Summonings
 - Level 0.7 Translocations


You had 9 spell levels left.
You knew the following spells:

 Your Spells              Type           Power      Damage    Failure   Level
a - Magic Dart            Conj           24%        1d4       34%         1

Your spell library contained the following spells:

 Spells                   Type           Power      Damage    Failure   Level
 Necrotise                Necr           12%        1d4       41%         1
 Slow                     Hex            12%        N/A       41%         1
 Call Imp                 Summ           16%        N/A       41%         2
 Blink                    Tloc           14%        N/A       45%         2
 Cigotuvi's Dreadful Rot  Necr/Pois/Air  6%         N/A       56%         2
 Call Canine Familiar     Summ           8%         N/A       65%         3
 Portal Projectile        Hex/Tloc       10%        N/A       75%         3
 Mephitic Cloud           Conj/Pois/Air  4%         N/A       77%         3
 Vampiric Draining        Necr           3%         2d6       80%         3
 Leda's Liquefaction      Hex/Erth       1%         N/A       99%         4
 Agony                    Necr           3%         N/A       100%        5


Dungeon Overview and Level Annotations

Branches:
Dungeon (3/15)

Altars:
Gozag

Annotations:
D:3 1 runed translucent door, Crazy Yiuf, Grinder


Innate Abilities, Weirdness & Mutations

You do not regenerate when monsters are visible.
You are frail without blood (-20% HP).
You can heal yourself when you bite living creatures.
You are immune to poison.
You have razor-sharp teeth.
You have supernaturally acute eyesight. (SInv)
You are afflicted with vampirism and can become a bat while bloodless.


Message History

* * * LOW HITPOINT WARNING * * *
Grinder says, "What is the universe for?"
Grinder blinks!
It was a potion of brilliance.
You feel clever all of a sudden. The orc misses you.
It was a potion of curing.
You feel better. The orc hits you but does no damage.
Grinder barely misses you.
You feel better. The orc barely misses you. Grinder closely misses you.
You closely miss the orc. The orc closely misses you.
Grinder hits you but does no damage.
You hit the orc but do no damage. The orc hits you but does no damage.
Grinder closely misses you.
You hit the orc.
The orc is lightly wounded.
The orc hits you but does no damage.
Grinder blinks!
You hit the orc.
The orc is heavily wounded.
The orc hits you with a +0 mace.
You hit the orc but do no damage.
The orc is heavily wounded.
You hit the orc but do no damage.
The orc is heavily wounded.
The orc misses you.
Grinder blinks!
You hit the orc but do no damage. You bite the orc, but do no damage.
The orc is heavily wounded.
The orc hits you with a +0 mace.
* * * LOW HITPOINT WARNING * * *
Grinder hits you.
* * * LOW HITPOINT WARNING * * *
You hit the orc.
You kill the orc!
Grinder barely misses you. Grinder attacks as you move away!
Grinder hits you but does no damage.
Things that are here:
a +0 mace; a +0 ring mail; an orc corpse Grinder attacks as you move away!
Grinder closely misses you. Grinder attacks as you move away!
Grinder closely misses you. Grinder attacks as you move away! Grinder hits you.
You die...

##### ##...## ##.....##
#.......# #.......#
##.......###############
#.......5..)..........<.
#.#..<.@###############.
#....[...# ##
##..).....# #...(.....#
#......|.## ###.......##
#.....##...#
##.##....##..#
##...####..##....


You could see Grinder.

Vanquished Creatures
  A scorpion (D:3)
  Jessica (D:3)
  Robin (D:2)
  3 gnolls
  4 adders
  A dart slug (D:1)
  2 orcs (D:3)
  2 ball pythons
  2 endoplasms (D:1)
  3 giant cockroaches (D:2)
  16 goblins
  5 hobgoblins
  4 jackals (D:1)
  5 kobolds
  4 bats
  5 frilled lizards
  A rat (D:1)
60 creatures vanquished.

Notes
Turn   | Place    | Note
-------+----------+-------------------------------------------
     0 | D:1      | SnakkuSnakku7 the Vampire Hedge Wizard began the quest for
                  | the Orb.
     0 | D:1      | Reached XP level 1. HP: 13/13 MP: 4/4
   259 | D:1      | Reached skill level 1 in Unarmed Combat
   329 | D:1      | Reached skill level 1 in Fighting
   329 | D:1      | Reached XP level 2. HP: 20/21 MP: 6/6
   879 | D:2      | Reached skill level 2 in Unarmed Combat
   879 | D:2      | Gained mutation: You are afflicted with vampirism and can
                  | become a bat while bloodless. [Vampire growth]
   879 | D:2      | Reached XP level 3. HP: 8/26 MP: 7/7
  1390 | D:2      | Noticed Robin
  1430 | D:2      | Killed Robin
  1649 | D:2      | Reached XP level 4. HP: 33/33 MP: 8/8
  1858 | D:2      | Reached skill level 3 in Unarmed Combat
  1919 | D:3      | Found a runed translucent door.
  1920 | D:3      | Noticed Crazy Yiuf
  1951 | D:3      | Noticed Jessica
  1969 | D:3      | Killed Jessica
  2068 | D:2      | Reached XP level 5. HP: 27/40 MP: 9/9
  2141 | D:3      | Found an opulent altar of Gozag.
  2240 | D:3      | Noticed Grinder
  2284 | D:3      | Reached skill level 4 in Unarmed Combat
  2421 | D:3      | Paralysed by Grinder for 5 turns
  2449 | D:3      | Slain by Grinder

Illustrated notes

Levels and vault maps discovered:
D:1:      saegor_arrival_under_anarchy, layout_basic,
          wander_ebering_terrifying_dragon_lair
D:2:      layout_basic, uniq_robin
D:3:      layout_rooms, lemuel_round_altar,
          nicolae_concentric_dashed_squares_mild, uniq_grinder, uniq_jessica,
          uniq_crazy_yiuf_cottage

Skill      XL: |  1  2  3  4  5 |
---------------+----------------+-----
Unarmed Combat | 1 2 3 4 |  4.2
Fighting       | 1 2 3 |  3.4
Dodging        | |  2.1
Stealth        | |  3.0
Spellcasting   | |  3.0
Conjurations   | |  0.6
Summonings     | |  1.0
Translocations | |  0.7

Action                     |  1- 3 |  4- 6 || total
---------------------------+-------+-------++-------
  Melee: Dagger            |   139 |    59 ||   198
         Bite              |    19 |    12 ||    31
         Unarmed           |       |    88 ||    88
         Punch             |       |     3 ||     3
   Cast: Magic Dart        |     1 |       ||     1
Ability: Exsanguinate      |       |     1 ||     1
    Use: Potion            |       |     3 ||     3
   Stab: Sleeping          |     5 |     1 ||     6
 Armour: Robe              |    35 |    11 ||    46
         Ring mail         |       |    61 ||    61
  Dodge: Dodged            |    65 |    97 ||   162
